 Dungeon Crawl Stone Soup version 0.30-a0-174-gbc10bd73c2 (webtiles) character file.

Game seed: 3979408656798582049

75 qw the Chopper (level 4, 0/28 HPs)
             Began as a Gargoyle Fighter on Oct 1, 2022.
             Slain by an orc
             ... wielding a +0 hand axe
              (2 damage)
             ... on level 3 of the Dungeon.
             The game lasted 00:00:43 (1521 turns).

qw the Chopper (Gargoyle Fighter)                   Turns: 1521, Time: 00:00:44

Health: 0/28       AC: 10    Str: 22    XL:     4   Next: 31%
Magic:  4/4        EV:  9    Int:  8    God:
Gold:   88         SH:  4    Dex:  9    Spells: 3/3 levels left

rFire   . . .      SeeInvis .    Y - +0 war axe
rCold   . . .      Faith    .    c - +0 buckler
rNeg    + + .      Spirit   .    b - +0 scale mail
rPois   inf        Reflect  .    (no helmet)
rElec   +          Harm     .    (no cloak)
rCorr   .          Rampage  .    (no gloves)
Will    .....                    (no boots)
Stlth   ..........               (no amulet)
HPRegen 0.24/turn                g - ring of positive energy
MPRegen 0.09/turn                (no ring)

@: no status effects
A: sickness immunity, AC +3, negative energy resistance 1, electricity
resistance, torment resistance 1, petrification resistance
a: no special abilities


You were on level 3 of the Dungeon.
You visited 1 branch of the dungeon, and saw 3 of its levels.

You collected 88 gold pieces.


Innate Abilities, Weirdness & Mutations

You are immune to sickness and miasma.
Your stone body is resilient. (AC +3)
You are immune to poison.
You resist negative energy. (rN+)
You are resistant to electric shocks. (rElec)
You are resistant to unholy torment.
You are immune to petrification.


   Skills:
 - Level 3.2 Fighting
 + Level 4.0 Axes
 - Level 3.2 Armour
 - Level 3.2 Shields


You had 3 spell levels left.
You didn't know any spells.
Your spell library was empty.

Inventory:

Hand Weapons
 i - a +0 mace
 Y - a +0 war axe (weapon)
Armour
 b - a +0 scale mail (worn)
 c - a +0 buckler (worn)
Jewellery
 g - a ring of positive energy (left hand)
Potions
 d - a potion of might
 f - a potion of curing {unknown}
 j - a potion of lignification {unknown}

Dungeon Overview and Level Annotations

Branches:
Dungeon (3/15)

Altars:

Shops:
D:1 :


Message History

You barely miss something. You closely miss the orc.
You hit the endoplasm but do no damage. You closely miss the goblin.
You slash the orc! Something hits you but does no damage.
The orc barely misses you. The orc hits you but does no damage.
The kobold throws a stone.
The goblin misses you. The endoplasm freezes you.
You are frozen.
You closely miss the orc.
The orc is severely wounded.
You barely miss something. You slash the worm!
You kill the worm!
You slash the orc!
You kill the orc!
You hit the endoplasm but do no damage. You slash the goblin!
You kill the goblin!
Something hits you but does no damage. The orc hits you but does no damage.
The kobold throws a stone.
The stone barely misses you. The endoplasm freezes you.
You are frozen.
The ball python closely misses you. The ball python grabs you.
The ball python constricts you.
Your Axes skill increases to level 4!
You hit the ball python.
You kill the ball python!
You hit the endoplasm. You barely miss the orc. You closely miss something.
Something hits you.
The kobold throws a stone.
The stone hits you but does no damage. The orc barely misses you.
The endoplasm barely misses you. Something hits you but does no damage.
The kobold barely misses you. The endoplasm freezes you.
You are frozen.
The orc hits you but does no damage.
You closely miss the orc.
The orc is severely wounded.
You closely miss the kobold. You barely miss the endoplasm.
You slash the kobold!
You kill the kobold!
You miss something. Something hits you but does no damage.
The kobold barely misses you. The orc hits you with a +0 hand axe.
You die...

#### ##
##...#...
##........
#......... .
##.<.......
....##J.....(...
.....g)@).......
......o{K.......
......o....).###
..............#
..............#
..............#
..............#
..............#


You could see 2 orcs, an endoplasm, a goblin and a kobold.

Vanquished Creatures
  An adder (D:2)
  A worm (D:3)
  2 dart slugs (D:1)
  2 orcs (D:3)
  4 ball pythons
  2 bats (D:1)
  4 endoplasms
  4 giant cockroaches (D:1)
  6 goblins
  6 hobgoblins
  7 jackals
  A quokka (D:1)
  4 frilled lizards (D:1)
  2 kobolds
  3 rats
  A spectral goblin (D:1)
50 creatures vanquished.

Notes
Turn   | Place    | Note
-------+----------+-------------------------------------------
     0 | D:1      | qw the Gargoyle Fighter began the quest for the Orb.
     0 | D:1      | Reached XP level 1. HP: 14/14 MP: 1/1
     0 | D:1      | 0 ||| qw: Version: 0.2-a-13-gfc7b4b4
     0 | D:1      | 0 ||| qw: Game counter: 1879
     0 | D:1      | 0 ||| qw: Always use a shield: true
     0 | D:1      | 0 ||| qw: God list: Okawaru
     0 | D:1      | 0 ||| qw: Allow faded altars: false
     0 | D:1      | 0 ||| qw: Do Orc after D:15 true
     0 | D:1      | 0 ||| qw: Do second Lair branch before Depths: true
     0 | D:1      | 0 ||| qw: Lair rune preference: random
     0 | D:1      | 0 ||| qw: Plans: Normal, Zot:1-4, God:TSO, Crypt, Tomb,
                  | Pan, Slime:5, Hells, Abyss, Orb
     0 | D:1      | 0 ||| PLANNING D:1-11
    25 | D:1      | 25 ||| Stepping ~*~*~tactically~*~*~ (hiding).
    27 | D:1      | 27 ||| Stepping ~*~*~tactically~*~*~ (hiding).
    35 | D:1      | Reached skill level 2 in Axes
   138 | D:1      | 138 ||| Stepping ~*~*~tactically~*~*~ (stealth).
   155 | D:1      | Reached XP level 2. HP: 16/19 MP: 2/2
   291 | D:1      | Found Ybrilog's Book Boutique.
   301 | D:1      | 301 ||| Stepping ~*~*~tactically~*~*~ (stealth).
   419 | D:1      | Found a faded altar of an unknown god.
   462 | D:1      | Reached skill level 3 in Axes
   485 | D:1      | Reached XP level 3. HP: 21/23 MP: 3/3
   531 | D:1      | 531 ||| Stepping ~*~*~tactically~*~*~ (stealth).
   562 | D:1      | 562 ||| Stepping ~*~*~tactically~*~*~ (stealth).
   780 | D:1      | 780 ||| Stepping ~*~*~tactically~*~*~ (stealth).
   827 | D:1      | 827 ||| DROPPING +0 club.
   958 | D:1      | 958 ||| UPGRADING to ring of positive energy.
   959 | D:1      | 959 ||| READING scroll labelled PEGE CUNATUWKO.
   960 | D:1      | 960 ||| READING scroll labelled POGEPP EFRE.
  1323 | D:2      | Reached XP level 4. HP: 28/28 MP: 4/4
  1487 | D:2      | 1487 ||| DROPPING scarf of harm.
  1488 | D:2      | 1488 ||| READING 2 scrolls labelled ESSIPTA FELA.
  1489 | D:2      | 1489 ||| READING scroll labelled BICIXZ QUMY.
  1490 | D:2      | 1490 ||| READING scroll labelled BYCLIP KOCON.
  1491 | D:2      | 1491 ||| DROPPING scroll of fear.
  1519 | D:3      | HP: 6/28 [frozen (3)]
  1520 | D:3      | Reached skill level 4 in Axes
  1520 | D:3      | HP: 2/28 [frozen (1)]
  1521 | D:3      | Slain by an orc

Levels and vault maps discovered:
D:1:      psy_arrival_spokes, layout_loops_ring,
          dreamdust_ecumenical_altar_drowned_temple, serial_shops, shop
D:2:      layout_basic
D:3:      layout_rooms, serial_shops, shop, minmay_snake_closets

Skill      XL: |  1  2  3  4 |
---------------+-------------+-----
Axes           | 2 3 4 |  4.0
Fighting       | |  3.2
Armour         | |  3.2
Shields        | |  3.2

Action                   |  1- 3 |  4- 6 || total
-------------------------+-------+-------++-------
Melee: War axe           |   123 |    18 ||   141
  Use: Scroll            |     2 |     3 ||     5
Armor: Scale mail        |    73 |    29 ||   102
Dodge: Dodged            |    51 |    20 ||    71
Block: Buckler           |    21 |     2 ||    23

Table legend:
 A = Non-vault XP
 B = Vault XP
 C = Vault XP percentage of total XP
 D = Non-vault monster count
 E = Vault monster count
 F = Vault count percentage of total count
                 A         B        C        D         E       F
            +---------+---------+-------+---------+---------+-------
      Total |     109 |       1 |   0.9 |      49 |       1 |   2.0
            +---------+---------+-------+---------+---------+-------
        D:1 |      55 |       1 |   1.8 |      29 |       1 |   3.3
        D:2 |      37 |       0 |   0.0 |      14 |       0 |   0.0
        D:3 |      17 |       0 |   0.0 |       6 |       0 |   0.0
            +---------+---------+-------+---------+---------+-------
